| TOP OF THE 1ST |
|
Pittsburgh Pirates batting - Pitching for New York Mets : RHP Benjamin Ochoa
|
|
Pitching: RHP Benjamin Ochoa
|
|
|
Batting: RHB Dan Gladden
|
0-0: Ball 1-0: SINGLE (Line Drive, 8RS, EV 96.9 MPH)
|
|
Batting: RHB Mike C Brown
|
0-0: Called Strike 0-1: Ball 1-1: Ball Wild Pitch! Dan Gladden to second 2-1: Swinging Strike 2-2: Ground out 6-3 (Groundball, 6, EV 111.3 MPH)
|
|
Batting: LHB Robert Lopez
|
0-0: Ball 1-0: Ball 2-0: Foul Ball, location: 2F 2-1: SINGLE (Line Drive, 4MD, EV 106.3 MPH) Dan Gladden to third Runner from 3rd tries for Home, SAFE, throw by CF to home Robert Lopez to second
|
|
Batting: LHB Greg Walker
|
0-0: Foul Ball, location: 2F 0-1: Called Strike 0-2: Ball 1-2: Ball 2-2: Foul Ball, location: 2F 2-2: Foul Ball, location: 2F 2-2: Fly out, F8 (Flyball, 8RM, EV 89.4 MPH)
|
|
Batting: RHB William Max
|
0-0: Ball 1-0: Foul Ball, location: 2F 1-1: Swinging Strike 1-2: Foul Ball, location: 2F 1-2: Foul Ball, location: 2F 1-2: 2-RUN HOME RUN (Flyball, 7LD, EV 93.1 MPH), Distance : 353 ft
|
|
Batting: SHB John Shelby
|
0-0: Ball 1-0: Called Strike 1-1: Fly out, F7 (Flyball, 7, EV 78.8 MPH)
|
| Top of the 1st over - 3 runs, 3 hits, 0 errors, 0 left on base; Pittsburgh 3 - New York 0 |
| BOTTOM OF THE 1ST |
|
New York Mets batting - Pitching for Pittsburgh Pirates : LHP John Tudor
|
|
Pitching: LHP John Tudor
|
|
|
Batting: LHB Lyman Bostock
|
0-0: Ball 1-0: Ball 2-0: Foul Ball, location: 2F 2-1: Swinging Strike 2-2: Foul Ball, location: 2F 2-2: Foul Ball, location: 2F 2-2: Foul Ball, location: 2F 2-2: Ball 3-2: Ground out 4-3 (Groundball, 4, EV 90.0 MPH)
|
|
Batting: RHB Ray Knight
|
0-0: Ball 1-0: Ball 2-0: Ball 3-0: Called Strike 3-1: Base on Balls
|
|
Batting: LHB John Kruk
|
0-0: Foul Ball, location: 2F 0-1: Fly out, F9 (Flyball, 89XD, EV 76.9 MPH)
|
|
Batting: SHB Ken Singleton
|
0-0: Ball 1-0: Ball 2-0: Swinging Strike 2-1: Called Strike 2-2: Foul Ball, location: 2F 2-2: Fly out, F8 (Flyball, 8RM, EV 93.1 MPH)
|
| Bottom of the 1st over - 0 runs, 0 hits, 0 errors, 1 left on base; Pittsburgh 3 - New York 0 |
| TOP OF THE 2ND |
|
Pittsburgh Pirates batting - Pitching for New York Mets : RHP Benjamin Ochoa
|
|
Batting: SHB Ron Oester
|
0-0: Ground out 5-3 (Groundball, 56S, EV 91.9 MPH)
|
|
Batting: RHB Frank Hunsaker
|
0-0: SINGLE (Line Drive, 4MD, EV 98.1 MPH)
|
|
Batting: LHB John Tudor
|
0-0: Ball 1-0: Sac Bunt to 2L - play at first, batter OUT! 2-4 Frank Hunsaker to second
|
|
Batting: RHB Dan Gladden
|
0-0: Called Strike 0-1: Fly out, F8 (Flyball, 8LD, EV 103.1 MPH)
|
| Top of the 2nd over - 0 runs, 1 hit, 0 errors, 1 left on base; Pittsburgh 3 - New York 0 |
| BOTTOM OF THE 2ND |
|
New York Mets batting - Pitching for Pittsburgh Pirates : LHP John Tudor
|
|
Batting: RHB Brad Komminsk
|
0-0: Foul Ball, location: 2F 0-1: Called Strike 0-2: Ball 1-2: Ball 2-2: Ball 3-2: Fly out, F8 (Line Drive, 8LM, EV 89.4 MPH)
|
|
Batting: LHB Roy E Johnson
|
0-0: Ball 1-0: Foul Ball, location: 2F 1-1: Called Strike 1-2: Ball 2-2: Strikes out swinging
|
|
Batting: RHB Gary Redus
|
0-0: Ball 1-0: Ball 2-0: Called Strike 2-1: Fly out, F9 (Flyball, 9, EV 91.3 MPH)
|
| Bottom of the 2nd over - 0 runs, 0 hits, 0 errors, 0 left on base; Pittsburgh 3 - New York 0 |
| TOP OF THE 3RD |
|
Pittsburgh Pirates batting - Pitching for New York Mets : RHP Benjamin Ochoa
|
|
Batting: RHB Mike C Brown
|
0-0: Ball 1-0: Swinging Strike 1-1: Foul Ball, location: 2F 1-2: Fly out, F9 (Line Drive, 9, EV 85.0 MPH)
|
|
Batting: LHB Robert Lopez
|
0-0: Ball 1-0: Ball 2-0: Foul Ball, location: 2F 2-1: Fly out, F7 (Flyball, 78S, EV 88.8 MPH)
|
|
Batting: LHB Greg Walker
|
0-0: Called Strike 0-1: Called Strike 0-2: Ball 1-2: Foul Ball, location: 2F 1-2: Ball 2-2: Foul Ball, location: 2F 2-2: Ground out 6-3 (Groundball, 6, EV 85.0 MPH)
|
| Top of the 3rd over - 0 runs, 0 hits, 0 errors, 0 left on base; Pittsburgh 3 - New York 0 |
| BOTTOM OF THE 3RD |
|
New York Mets batting - Pitching for Pittsburgh Pirates : LHP John Tudor
|
|
Batting: LHB Terry Kennedy
|
0-0: SINGLE (Line Drive, 4D, EV 96.3 MPH)
|
|
Batting: RHB Benjamin Ochoa
|
0-0: Bunted foul 0-1: Sac Bunt to 23 - play at first, batter OUT! 3-4 Terry Kennedy to second
|
|
Batting: LHB Lyman Bostock
|
0-0: Ball 1-0: Ball 2-0: Ball 3-0: Called Strike 3-1: Called Strike 3-2: Foul Ball, location: 2F 3-2: SINGLE (Flyball, 7S, EV 95.0 MPH) Terry Kennedy to third Runner from 3rd tries for Home, SAFE, throw by LF to home
|
|
Batting: RHB Ray Knight
|
0-0: Ball 1-0: SINGLE (Flyball, 5D, EV 96.9 MPH) Lyman Bostock to second
|
|
Batting: LHB John Kruk
|
0-0: Ball 1-0: Fly out, F7 (Flyball, 7, EV 87.5 MPH)
|
|
Batting: SHB Ken Singleton
|
0-0: Ball 1-0: Ball 2-0: Ball 3-0: Base on Balls Lyman Bostock to third Ray Knight to second
|
|
Batting: RHB Brad Komminsk
|
0-0: SINGLE (Groundball, 23, EV 68.8 MPH) (infield hit) Lyman Bostock scores Ray Knight to third Ken Singleton to second
|
|
Batting: LHB Roy E Johnson
|
0-0: Called Strike 0-1: Ball 1-1: Foul Ball, location: 2F 1-2: Ball 2-2: Foul Ball, location: 2F 2-2: Ball 3-2: Foul Ball, location: 2F 3-2: Fly out, F6 (Popup, P, EV 70.6 MPH)
|
| Bottom of the 3rd over - 2 runs, 4 hits, 0 errors, 3 left on base; Pittsburgh 3 - New York 2 |
| TOP OF THE 4TH |
|
Pittsburgh Pirates batting - Pitching for New York Mets : RHP Benjamin Ochoa
|
|
Batting: RHB William Max
|
0-0: Called Strike 0-1: Ball 1-1: Ball 2-1: Swinging Strike 2-2: Ball 3-2: Strikes out swinging
|
|
Batting: SHB John Shelby
|
0-0: Ball 1-0: Ball 2-0: Foul Ball, location: 2F 2-1: Ball 3-1: Base on Balls
|
|
Batting: SHB Ron Oester
|
0-0: Ball 1-0: Foul Ball, location: 2F 1-1: Called Strike 1-2: Ball 2-2: Foul Ball, location: 2F 2-2: Grounds into double play, 6-4-3 (Groundball, 6M, EV 97.5 MPH)
|
| Top of the 4th over - 0 runs, 0 hits, 0 errors, 0 left on base; Pittsburgh 3 - New York 2 |
| BOTTOM OF THE 4TH |
|
New York Mets batting - Pitching for Pittsburgh Pirates : LHP John Tudor
|
|
Batting: RHB Gary Redus
|
0-0: Ground out 6-3 (Groundball, 6M, EV 84.4 MPH)
|
|
Batting: LHB Terry Kennedy
|
0-0: Ball 1-0: Foul Ball, location: 2F 1-1: Fly out, F7 (Flyball, 7S, EV 96.9 MPH)
|
|
Batting: RHB Benjamin Ochoa
|
0-0: Foul Ball, location: 2F 0-1: Fly out, F8 (Flyball, 8LD, EV 106.3 MPH)
|
| Bottom of the 4th over - 0 runs, 0 hits, 0 errors, 0 left on base; Pittsburgh 3 - New York 2 |
| TOP OF THE 5TH |
|
Pittsburgh Pirates batting - Pitching for New York Mets : RHP Benjamin Ochoa
|
|
Batting: RHB Frank Hunsaker
|
0-0: Ball 1-0: Ball 2-0: Called Strike 2-1: Foul Ball, location: 2F 2-2: Ball 3-2: Foul Ball, location: 2F 3-2: Foul Ball, location: 2F 3-2: Strikes out swinging
|
|
Batting: LHB John Tudor
|
0-0: DOUBLE (Groundball, 3L, EV 106.9 MPH)
|
|
Batting: RHB Dan Gladden
|
0-0: Foul Ball, location: 2F 0-1: Ball 1-1: Ground out 6-3 (Groundball, 6M, EV 93.1 MPH) John Tudor to third
|
|
Batting: RHB Mike C Brown
|
0-0: Swinging Strike 0-1: Ground out 6-3 (Groundball, 6, EV 91.3 MPH)
|
| Top of the 5th over - 0 runs, 1 hit, 0 errors, 1 left on base; Pittsburgh 3 - New York 2 |
| BOTTOM OF THE 5TH |
|
New York Mets batting - Pitching for Pittsburgh Pirates : LHP John Tudor
|
|
Batting: LHB Lyman Bostock
|
0-0: Foul Ball, location: 2F 0-1: Ball 1-1: Called Strike 1-2: Ground out 6-3 (Groundball, 56, EV 107.5 MPH)
|
|
Batting: RHB Ray Knight
|
0-0: Ball 1-0: Foul Ball, location: 2F 1-1: Foul Ball, location: 2F 1-2: Ball 2-2: Ball 3-2: Strikes out looking
|
|
Batting: LHB John Kruk
|
0-0: Ball 1-0: Ball 2-0: SINGLE (Line Drive, 56D, EV 96.9 MPH)
|
|
Batting: SHB Ken Singleton
|
0-0: Called Strike 0-1: Fly out, F9 (Flyball, 9LM, EV 88.8 MPH)
|
| Bottom of the 5th over - 0 runs, 1 hit, 0 errors, 1 left on base; Pittsburgh 3 - New York 2 |
| TOP OF THE 6TH |
|
Pittsburgh Pirates batting - Pitching for New York Mets : RHP Benjamin Ochoa
|
|
Batting: LHB Robert Lopez
|
0-0: Ball 1-0: Ball 2-0: Called Strike 2-1: Fly out, F6 (Flyball, 56D, EV 91.3 MPH)
|
|
Batting: LHB Greg Walker
|
0-0: Called Strike 0-1: Foul Ball, location: 2F 0-2: Ball 1-2: Strikes out swinging
|
|
Batting: RHB William Max
|
0-0: Foul Ball, location: 2F 0-1: SINGLE (Flyball, 8RS, EV 86.9 MPH)
|
|
Batting: SHB John Shelby
|
0-0: Ball 1-0: Ball 2-0: Fly out, F7 (Flyball, 7LM, EV 83.8 MPH)
|
| Top of the 6th over - 0 runs, 1 hit, 0 errors, 1 left on base; Pittsburgh 3 - New York 2 |
| BOTTOM OF THE 6TH |
|
New York Mets batting - Pitching for Pittsburgh Pirates : LHP John Tudor
|
|
Batting: RHB Brad Komminsk
|
0-0: Called Strike 0-1: Ball 1-1: Foul Ball, location: 2F 1-2: Fly out, F8 (Line Drive, 8LD, EV 91.3 MPH)
|
|
Pitching: RHP Mike Smithson
|
|
|
Now in RF: Alex Campos
|
|
|
Batting: LHB Roy E Johnson
|
0-0: Fly out, F6 (Flyball, 6D, EV 85.6 MPH)
|
|
Batting: RHB Gary Redus
|
0-0: Foul Ball, location: 2F 0-1: Swinging Strike 0-2: Ball 1-2: Ball 2-2: Ball 3-2: Ground out 1-3 (Groundball, 13S, EV 65.0 MPH)
|
| Bottom of the 6th over - 0 runs, 0 hits, 0 errors, 0 left on base; Pittsburgh 3 - New York 2 |
| TOP OF THE 7TH |
|
Pittsburgh Pirates batting - Pitching for New York Mets : RHP Benjamin Ochoa
|
|
Batting: SHB Ron Oester
|
0-0: Called Strike 0-1: Ball 1-1: Ball 2-1: Ball 3-1: Called Strike 3-2: Foul Ball, location: 2F 3-2: DOUBLE (Line Drive, 7LS, EV 104.4 MPH)
|
|
Batting: RHB Frank Hunsaker
|
0-0: Called Strike 0-1: Ball 1-1: Called Strike 1-2: Strikes out swinging
|
|
Batting: LHB Alex Campos
|
0-0: Called Strike 0-1: Ball 1-1: Swinging Strike 1-2: Ground out 4-3 (Groundball, 4, EV 88.1 MPH) Ron Oester to third
|
|
Batting: RHB Dan Gladden
|
0-0: Foul Ball, location: 2F 0-1: Ball 1-1: Called Strike 1-2: Foul Ball, location: 2F 1-2: Ball 2-2: Ball 3-2: Strikes out swinging
|
| Top of the 7th over - 0 runs, 1 hit, 0 errors, 1 left on base; Pittsburgh 3 - New York 2 |
| BOTTOM OF THE 7TH |
|
New York Mets batting - Pitching for Pittsburgh Pirates : RHP Mike Smithson
|
|
Pitching: RHP Mark Lemongello
|
|
|
Batting: LHB Terry Kennedy
|
0-0: Called Strike 0-1: Ball 1-1: Ball 2-1: Foul Ball, location: 2F 2-2: Ball 3-2: Base on Balls
|
|
Batting: RHB Benjamin Ochoa
|
0-0: Sac Bunt to 2R - play at first, batter OUT! 2-4 Terry Kennedy to second
|
|
Batting: LHB Lyman Bostock
|
0-0: Ball 1-0: Ball 2-0: Called Strike 2-1: Foul Ball, location: 2F 2-2: Foul Ball, location: 2F 2-2: Ball 3-2: Base on Balls
|
|
Batting: RHB Ray Knight
|
0-0: Ball 1-0: Called Strike 1-1: Called Strike 1-2: Foul Ball, location: 2F 1-2: Fielders Choice at 2nd, 5-4 (Groundball, 5S, EV 82.5 MPH) Terry Kennedy to third
|
|
Batting: LHB John Kruk
|
0-0: Called Strike 0-1: Swinging Strike 0-2: SINGLE (Groundball, 56D, EV 95.0 MPH) Terry Kennedy scores Ray Knight to second Ray Knight to third
|
|
Batting: SHB Ken Singleton
|
0-0: Fly out, F8 (Flyball, 8RD, EV 101.9 MPH)
|
| Bottom of the 7th over - 1 run, 1 hit, 0 errors, 2 left on base; Pittsburgh 3 - New York 3 |
| TOP OF THE 8TH |
|
Pittsburgh Pirates batting - Pitching for New York Mets : RHP Benjamin Ochoa
|
|
Batting: RHB Mike C Brown
|
0-0: Fly out, F7 (Flyball, 7, EV 85.0 MPH)
|
|
Batting: LHB Robert Lopez
|
0-0: Swinging Strike 0-1: Ball 1-1: Ball 2-1: Ball 3-1: Foul Ball, location: 2F 3-2: Ground out 5-3 (Groundball, 56, EV 83.1 MPH)
|
|
Batting: LHB Greg Walker
|
0-0: Called Strike 0-1: Ball 1-1: Called Strike 1-2: Ball 2-2: Ball 3-2: Base on Balls
|
|
Batting: RHB William Max
|
0-0: Ball 1-0: Ball 2-0: Foul Ball, location: 2F 2-1: Foul Ball, location: 2F 2-2: Ball 3-2: Base on Balls Greg Walker to second
|
|
Pinch Runner at 2nd Jared Martin:
|
|
|
Pinch Hitting: RHB Rennie Stennett
|
0-0: Called Strike 0-1: Ball 1-1: Fly out, F6 (Popup, 6MD, EV 45.6 MPH)
|
| Top of the 8th over - 0 runs, 0 hits, 0 errors, 2 left on base; Pittsburgh 3 - New York 3 |
| BOTTOM OF THE 8TH |
|
New York Mets batting - Pitching for Pittsburgh Pirates : RHP Mark Lemongello
|
|
Pitching: RHP Timnothy Milner
|
|
|
Now at 1B: Rafael Santana
|
|
|
Batting: RHB Brad Komminsk
|
0-0: Foul Ball, location: 2F 0-1: Called Strike 0-2: Foul Ball, location: 2F 0-2: Ball 1-2: Foul Ball, location: 2F 1-2: Strikes out swinging
|
|
Batting: LHB Roy E Johnson
|
0-0: Foul Ball, location: 2F 0-1: Called Strike 0-2: Fly out, F8 (Flyball, 8RD, EV 95.6 MPH)
|
|
Batting: RHB Gary Redus
|
0-0: Ball 1-0: Swinging Strike 1-1: Fly out, F9 (Flyball, 89D, EV 101.9 MPH)
|
| Bottom of the 8th over - 0 runs, 0 hits, 0 errors, 0 left on base; Pittsburgh 3 - New York 3 |
| TOP OF THE 9TH |
|
Pittsburgh Pirates batting - Pitching for New York Mets : RHP Benjamin Ochoa
|
|
Batting: SHB Ron Oester
|
0-0: Foul Ball, location: 2F 0-1: Foul Ball, location: 2F 0-2: Ground out 6-3 (Groundball, 4MS, EV 80.6 MPH)
|
|
Pinch Hitting: SHB Chili Davis
|
0-0: Ball 1-0: Called Strike 1-1: Ball 2-1: Ball 3-1: Base on Balls
|
|
Pitching: RHP Matt Adams
|
|
|
Pinch Hitting: LHB Terry Whitfield
|
0-0: Ball 1-0: Ball 2-0: Called Strike 2-1: Ground out U3 (Groundball, 34S, EV 84.4 MPH) Chili Davis to second
|
|
Batting: RHB Dan Gladden
|
0-0: Ball 1-0: Foul Ball, location: 2F 1-1: Ball 2-1: Foul Ball, location: 2F 2-2: Ball 3-2: DOUBLE (Line Drive, 8RXD, EV 105.6 MPH) Chili Davis scores
|
|
Batting: RHB Mike C Brown
|
0-0: Ground out 6-3 (Groundball, 6S, EV 70.0 MPH)
|
| Top of the 9th over - 1 run, 1 hit, 0 errors, 1 left on base; Pittsburgh 4 - New York 3 |
| BOTTOM OF THE 9TH |
|
New York Mets batting - Pitching for Pittsburgh Pirates : RHP Timnothy Milner
|
|
Now at C: Chili Davis
|
|
|
Now in RF: Terry Whitfield
|
|
|
Batting: LHB Terry Kennedy
|
0-0: Ball 1-0: Swinging Strike 1-1: Called Strike 1-2: Strikes out swinging
|
|
Pinch Hitting: RHB Dave Concepcion
|
0-0: Fly out, F4 (Popup, 4, EV 68.1 MPH)
|
|
Batting: LHB Lyman Bostock
|
0-0: Foul Ball, location: 2F 0-1: Ball 1-1: Ball 2-1: Ball 3-1: Base on Balls
|
|
Batting: RHB Ray Knight
|
0-0: Ball 1-0: Called Strike 1-1: Fielders Choice at 2nd, 6-4 (Groundball, 6, EV 93.8 MPH)
|
| Bottom of the 9th over - 0 runs, 0 hits, 0 errors, 1 left on base; Pittsburgh 4 - New York 3 |
|